 Dungeon Crawl Stone Soup version 0.29-a0-330-g52719c12eb (webtiles) character file.

Game seed: 2350317409299154758

2237 Raultor the Demolition Demonspawn (level 9, -3/71 HPs)
             Began as a Demonspawn Monk on May 6, 2022.
             Was an Elder of Makhleb.
             Killed from afar by an electric eel (7 damage)
             ... with a bolt of electricity
             ... on level 6 of the Dungeon.
             The game lasted 00:16:16 (7648 turns).

Raultor the Demolition Demonspawn (Demonspawn Monk) Turns: 7648, Time: 00:16:17

Health: -3/71      AC: 18    Str: 19    XL:     9   Next: 14%
Magic:  0/14       EV: 11    Int: 12    God:    Makhleb [****..]
Gold:   348        SH:  0    Dex: 15    Spells: 8/8 levels left

rFire   + . .      SeeInvis .   B - +7 demon blade
rCold   . . .      Faith    .   (no shield)
rNeg    . . .      Spirit   +   C - +4 ring mail of Tuujakhli {-Cast rF+ rCorr Str+3}
rPois   .          Reflect  .   v - +0 helmet
rElec   .          Harm     .   x - +0 cloak
rCorr   +          Rampage  .   (no gloves)
Will    .....      NoCast   +   (no boots)
Stlth   +.........              H - amulet of guardian spirit
HPRegen 0.21/turn               T - +4 ring of protection
MPRegen 0.14/turn               (no ring)

@: no status effects
A: hooves 1, icy blue scales 1, foul stench 2, demonic magic 1
a: Renounce Religion, Minor Destruction, Lesser Servant of Makhleb, Major
Destruction


You were on level 6 of the Dungeon.
You worshipped Makhleb.
Makhleb was greatly pleased with you.
You visited 1 branch of the dungeon, and saw 6 of its levels.

You collected 348 gold pieces.


Innate Abilities, Weirdness & Mutations

You have large cloven feet.
You are partially covered in icy blue scales. (AC +2)
You sometimes emit foul miasma when damaged in melee.
Spells you cast may paralyse adjacent enemies.


   Skills:
 + Level 6.6 Fighting
 + Level 4.1 Long Blades
 + Level 5.0 Armour
 - Level 2.6 Dodging
 - Level 1.7 Stealth
 - Level 5.3 Unarmed Combat
 + Level 7.2 Invocations


You had 8 spell levels left.
You didn't know any spells.
Your spell library contained the following spells:

 Spells                   Type           Power      Damage    Failure   Level
 Ozocubu's Armour         Ice            0%         N/A       86%         3
 Tukima's Dance           Hex            0%         N/A       86%         3
 Passage of Golubria      Tloc           0%         N/A       99%         4
 Metabolic Englaciation   Hex/Ice        0%         N/A       100%        5
 Yara's Violent Unravell  Hex/Tmut       0%         3d3       100%        5
 Simulacrum               Ice/Necr       0%         N/A       100%        6

Inventory:

Hand Weapons
 B - a +7 demon blade (weapon)
Missiles
 m - 6 javelins (quivered)
Armour
 a - a +0 robe
 i - a +0 leather armour
 o - a +0 plate armour
 t - a +0 chain mail
 v - a +0 helmet (worn)
 x - a +0 cloak (worn)
 C - the +4 ring mail of Tuujakhli (worn) {-Cast rF+ rCorr Str+3}
   (You took it off an orc on level 3 of the Dungeon)

   Str:       It affects your strength (+3).
   rF:        It protects you from fire.
   -Cast:     It prevents spellcasting.
   rCorr:     It protects you from acid and corrosion.
Magical Staves
 n - a staff of earth {!a}
 D - a staff of fire {!a}
 G - a staff of death {!a}
Jewellery
 F - a ring of fire
 H - an amulet of guardian spirit (around neck)
 T - a +4 ring of protection (left hand)
Wands
 J - a wand of acid (8)
Scrolls
 c - 3 scrolls of teleportation {unknown}
 e - 3 scrolls of blinking {unknown}
 h - a scroll of holy word {unknown}
 j - 5 scrolls of noise {unknown}
 l - 3 scrolls of fear {unknown}
 q - a scroll of amnesia {unknown}
 r - a scroll of acquirement {unknown}
 s - a scroll of fog {unknown}
 w - 3 scrolls of identify {unknown}
 y - 2 scrolls of vulnerability {unknown}
 E - a scroll of enchant armour {unknown}
Potions
 b - a potion of ambrosia
 d - 4 potions of berserk rage {unknown}
 f - 3 potions of attraction {unknown}
 g - a potion of brilliance {unknown}
 k - 2 potions of mutation {unknown}
 p - 3 potions of curing {unknown}
 u - 4 potions of heal wounds {unknown}
 z - a potion of degeneration {unknown}
 A - 2 potions of invisibility {unknown}
 I - 2 potions of might {unknown}

Dungeon Overview and Level Annotations

Branches:
Dungeon (6/15)
 Temple: D:4-7

Altars:
Fedhas
Makhleb
Nemelex Xobeh
Ru
Yredelemnul
Beogh

Shops:
D:1

[ ##.#.######## ##.## #.###
#.#.## ##....######
#.>....#...# ###
##........#.#######♣♣♣ ≈≈≈♣
#..............♣≈♣≈♣≈♣≈≈≈♣
##.......#@#♣♣♣♣≈≈≈≈≈≈≈♣≈≈≈
##.....##.#♣≈S≈≈♣≈≈≈≈≈≈SP≈
##...###.♣≈≈≈≈♣S≈≈≈≈≈≈≈≈≈
##.####S♣≈≈≈≈†P≈≈≈≈≈≈≈≈≈
#.##.♣♣S≈≈≈♣≈≈≈≈≈≈≈≈≈≈≈
#.#..♣♣≈≈≈≈≈≈≈≈≈≈≈≈≈≈≈≈
#...#♣♣≈≈≈P≈≈≈≈≈≈≈≈≈≈≈≈
###...≈♣≈≈≈≈≈≈≈≈≈≈≈≈≈≈≈
##.#.♣≈≈≈♣≈≈≈≈P≈≈≈≈≈≈


You could see 2 electric eels.


Message History

The bolt of electricity hits the plant!
The plant begins to die.
The bolt of electricity hits you!
* * * LOW HITPOINT WARNING * * *
The electric eel shoots out a bolt of lightning at you!
The bolt of electricity hits you but does no damage.
The electric eel shoots out a bolt of lightning at you!
The bolt of electricity hits you.
* * * LOW HITPOINT WARNING * * *
The electric eel shoots out a bolt of lightning at you!
The bolt of electricity hits you.
* * * LOW HITPOINT WARNING * * *
The electric eel shoots out a bolt of lightning at you!
The bolt of electricity hits the plant!
The plant begins to die.
The bolt of electricity misses you.
A nearby plant withers and dies. x2
The electric eel shoots out a bolt of lightning at you!
The bolt of electricity hits the plant!
The bolt of electricity hits you but does no damage.
The electric eel shoots out a bolt of lightning at you!
The bolt of electricity hits you!
* * * LOW HITPOINT WARNING * * *
The electric eel shoots out a bolt of lightning at you!
The bolt of electricity hits you.
* * * LOW HITPOINT WARNING * * *
A nearby plant withers and dies.
The electric eel shoots out a bolt of lightning at you!
The bolt of electricity hits you.
* * * LOW HITPOINT WARNING * * *
The bolt of electricity hits you!
You die...

Skill      XL: |  1  2  3  4  5  6  7  8  9 |
---------------+----------------------------+-----
Unarmed Combat | 3 4 5 |  5.3
Invocations    | 1 2 3 5 7 |  7.2
Armour         | 1 2 4 5 |  5.0
Fighting       | 4 5 6 |  6.6
Long Blades    | 2 3 4 |  4.1
Dodging        | |  2.6
Stealth        | |  1.7

Action                   |  1- 3 |  4- 6 |  7- 9 || total
-------------------------+-------+-------+-------++-------
Melee: Unarmed           |   141 |   277 |    32 ||   450
       Punch             |     1 |     7 |     5 ||    13
       Demon blade       |       |       |   138 ||   138
       Kick              |       |       |     4 ||     4
Invok: Lesser Servant of |       |       |     1 ||     1
 Stab: Sleeping          |     9 |       |       ||     9
Armor: Robe              |    20 |       |       ||    20
       Leather armour    |    13 |       |       ||    13
       Plate armour      |    30 |    59 |       ||    89
       Chain mail        |       |   126 |    19 ||   145
       Ring mail         |       |       |    67 ||    67
Dodge: Dodged            |    77 |    77 |    80 ||   234

Levels and vault maps discovered:
D:1:      minmay_arrival_open_corners, layout_loops_corners, serial_shops, shop
D:2:      layout_loops_corners, ebering_ecumenical_altar_rust, basic_altar,
          hangedman_decor_clover_reticule
D:3:      layout_loops_ring, mainiacjoe_overflow_six_doors_small,
          biasface_ghost_orc_armoury, kennysheep_generic_room_13, uniq_robin
D:4:      layout_loops_corners, minmay_divided_ellipse
D:5:      layout_basic, gammafunk_temple_overflow_elements, gammafunk_ghost_icy,
          ebering_dispersal_statue_hall
D:6:      layout_loops_ring, old_standard_altar, serial_bayou_lake_a,
          uniq_maggie

Notes
Turn   | Place    | Note
-------+----------+-------------------------------------------
     0 | D:1      | Raultor the Demonspawn Monk began the quest for the Orb.
     0 | D:1      | Reached XP level 1. HP: 18/18 MP: 1/1
    61 | D:1      | Found Ytoog's Armour Emporium.
   178 | D:1      | Reached skill level 3 in Unarmed Combat
   195 | D:1      | Gained mutation: You may rarely emit foul miasma when
                  | damaged in melee. [demonic ancestry]
   195 | D:1      | Reached XP level 2. HP: 18/24 MP: 2/2
  1134 | D:2      | Found a burning altar of Makhleb.
  1180 | D:2      | Became a worshipper of Makhleb the Destroyer
  1180 | D:2      | Reached * piety under Makhleb
  1180 | D:2      | Reached ** piety under Makhleb
  1254 | D:2      | Found a faded altar of an unknown god.
  1265 | D:2      | Gained mutation: You are partially covered in icy blue
                  | scales. (AC +2) [demonic ancestry]
  1265 | D:2      | Reached XP level 3. HP: 29/29 MP: 3/3
  1930 | D:2      | Reached skill level 1 in Invocations
  2204 | D:3      | Reached XP level 4. HP: 35/35 MP: 4/4
  2492 | D:3      | Found a sacrificial altar of Ru.
  2649 | D:3      | Reached skill level 1 in Armour
  2860 | D:3      | Reached skill level 4 in Unarmed Combat
  3324 | D:3      | Noticed Robin
  3359 | D:3      | Killed Robin
  3518 | D:3      | Found a runed translucent gate.
  3518 | D:3      | Found a runed translucent gate.
  3518 | D:3      | Found a runed translucent gate.
  3521 | D:3      | Noticed funkygono's ghost (amateur GrFE)
  3521 | D:3      | Identified the +4 ring mail of Tuujakhli {-Cast rF+ rCorr
                  | Str+3}
  3693 | D:4      | Reached XP level 5. HP: 42/42 MP: 6/6
  3962 | D:4      | Reached skill level 2 in Invocations
  4112 | D:4      | Reached skill level 4 in Fighting
  4358 | D:4      | Noticed a phantom
  4376 | D:4      | Killed a phantom
  4377 | D:4      | Reached skill level 2 in Armour
  4377 | D:4      | Gained mutation: Spells you cast may paralyse adjacent
                  | enemies. [demonic ancestry]
  4377 | D:4      | Reached XP level 6. HP: 39/48 MP: 6/8
  4570 | D:4      | Reached *** piety under Makhleb
  4609 | D:4      | Reached skill level 3 in Invocations
  4646 | D:4      | Reached skill level 5 in Unarmed Combat
  5045 | D:4      | Gained mutation: You sometimes emit foul miasma when
                  | damaged in melee. [demonic ancestry]
  5045 | D:4      | Reached XP level 7. HP: 55/55 MP: 9/9
  5338 | D:3      | Killed funkygono's ghost
  5339 | D:3      | Reached skill level 4 in Invocations
  5414 | D:5      | Entered Level 5 of the Dungeon
  5442 | D:5      | Found a runed translucent gate.
  5443 | D:5      | Found a runed translucent gate.
  5444 | D:5      | Found a runed translucent gate.
  5472 | D:5      | Reached skill level 1 in Long Blades
  5553 | D:5      | Noticed Kebab's ghost (novice NaVM)
  5674 | D:5      | Reached skill level 3 in Armour
  5752 | D:5      | Reached skill level 5 in Fighting
  6049 | D:5      | Found a basalt altar of Yredelemnul.
  6049 | D:5      | Found a sparkling altar of Nemelex Xobeh.
  6480 | D:5      | Killed Kebab's ghost
  6481 | D:5      | Reached skill level 2 in Long Blades
  6481 | D:5      | Reached skill level 4 in Armour
  6481 | D:5      | Reached skill level 5 in Invocations
  6481 | D:5      | Reached XP level 8. HP: 38/64 MP: 10/12
  6482 | D:5      | Reached skill level 3 in Long Blades
  6557 | D:5      | Reached skill level 6 in Invocations
  6726 | D:6      | Reached **** piety under Makhleb
  6797 | D:6      | Reached skill level 6 in Fighting
  7308 | D:6      | Found a blossoming altar of Fedhas.
  7389 | D:6      | Reached skill level 7 in Invocations
  7389 | D:6      | Gained mutation: You have large cloven feet. [demonic
                  | ancestry]
  7389 | D:6      | Reached XP level 9. HP: 40/71 MP: 7/14
  7571 | D:6      | Reached skill level 4 in Long Blades
  7626 | D:6      | Reached skill level 5 in Armour
  7643 | D:6      | HP: 6/71 [electric eel/bolt of electricity (5)]
  7648 | D:6      | HP: 4/71 [electric eel/bolt of electricity (3)]
  7648 | D:6      | Killed from afar by an electric eel

Vanquished Creatures
  The ghost of funkygono the Firebug, an amateur GrFE (D:3)
  A black bear (D:4)
  3 sky beasts
  A phantom (D:4)
  A necrophage (D:4)
  4 scorpions
  5 wights (D:6)
  An electric eel (D:6)
  2 jellies
  3 hounds
  2 orc priests
  2 iguanas
  A bullfrog simulacrum (D:5)
  A centaur simulacrum (D:5)
  2 scorpion simulacra (D:5)
  Robin (D:3)
  7 gnolls (D:5)
  8 adders
  2 shadow imps
  A white imp (D:5)
  An ufetubus (D:5)
  A worm (D:2)
  3 dart slugs
  16 orcs
  9 endoplasms
  5 giant cockroaches
  10 goblins
  9 hobgoblins
  3 jackals
  4 quokkas
  3 ball pythons
  6 bats
  6 frilled lizards
  3 kobolds
  5 rats
133 creatures vanquished.

Vanquished Creatures (collateral kills)
  The ghost of Kebab the Tainter, a novice NaVM (D:5)
  A bullfrog simulacrum (D:5)
  A white imp (D:5)
3 creatures vanquished.

Vanquished Creatures (others)
  An orc wizard (D:3)
  27 plants (D:6)
28 creatures vanquished.

Grand Total: 164 creatures vanquished

Table legend: (Time is in decaauts)
 A = Elapsed time spent in this place.
 B = Non-inter-level travel time spent in this place.
 C = Inter-level travel time spent in this place.
 D = Time resting spent in this place.
 E = Time spent auto-exploring this place.
 F = Levels seen in this place.
 G = Mean time per level.
                   A        B        C        D        E       F      G
               +--------+--------+--------+--------+--------+-----+--------+
         Total |   7658 |   7420 |    238 |    100 |   5864 |   6 | 1276.3 |
       Dungeon |   7658 |   7420 |    238 |    100 |   5864 |   6 | 1276.3 |
               +--------+--------+--------+--------+--------+-----+--------+

Top non-repeatable levels by time:
     D:3: 1690 daAuts
     D:5: 1594 daAuts
     D:4: 1503 daAuts
     D:1: 1118 daAuts
     D:2: 1069 daAuts
     D:6: 681 daAuts

Table legend:
 A = Non-vault XP
 B = Vault XP
 C = Vault XP percentage of total XP
 D = Non-vault monster count
 E = Vault monster count
 F = Vault count percentage of total count
                 A         B        C        D         E       F
            +---------+---------+-------+---------+---------+-------
      Total |    1845 |    1352 |  42.3 |      96 |      41 |  29.9
            +---------+---------+-------+---------+---------+-------
        D:1 |      34 |       0 |   0.0 |      20 |       0 |   0.0
        D:2 |      61 |       0 |   0.0 |      16 |       0 |   0.0
        D:3 |      64 |     208 |  76.5 |      17 |      20 |  54.1
        D:4 |     219 |     368 |  62.7 |       7 |      13 |  65.0
        D:5 |     337 |     776 |  69.7 |      18 |       8 |  30.8
        D:6 |    1130 |       0 |   0.0 |      18 |       0 |   0.0
            +---------+---------+-------+---------+---------+-------
